 Dungeon Crawl Stone Soup version 0.18.1-8-gdd0e5ea (webtiles) character file.

525 Ordine the Thaumaturge (level 7, -1/36 HPs)
             Began as a Deep Elf Wizard on May 23, 2016.
             Slain by Pikel
             ... wielding a +2 whip of electrocution
              (23 damage)
             ... on level 5 of the Dungeon.
             The game lasted 00:26:57 (5275 turns).

Ordine the Thaumaturge (Deep Elf Wizard)            Turns: 5275, Time: 00:27:01

Health: -1/36      AC:  3    Str:  4    XL:     7   Next: 2%
Magic:  0/20       EV: 14    Int: 25    God:
Gold:   227        SH:  0    Dex: 16    Spells: 5 memorised, 11 levels left

rFire  . . .     SeeInvis .     h - +1 dagger (elec)
rCold  + . .     Gourm    .     a - +0 robe
rNeg   . . .     Faith    .     (no shield)
rPois  .         Spirit   .     b - +1 hat
rElec  .         Dismiss  .     (no cloak)
rCorr  .         Reflect  .     (no gloves)
SustAt .         Harm     +     (no boots)
MR     .....                    r - amulet of harm
Stlth  ++........               k - ring of protection from cold
                                f - +3 ring of dexterity

@: not resistant to hostile enchantments, unstealthy
A: no striking features
a: no special abilities


You were on level 5 of the Dungeon.
You were not hungry.

You visited 1 branch of the dungeon, and saw 5 of its levels.

You collected 227 gold pieces.

Inventory:

Hand Weapons
 h - a +1 dagger of electrocution (weapon)
 q - a +0 dagger of venom
Armour
 a - a +0 robe (worn)
 b - a +1 hat (worn)
Jewellery
 e - an uncursed ring of poison resistance
 f - a +3 ring of dexterity (left hand)
 k - a ring of protection from cold (right hand)
 l - a +5 amulet of reflection
 r - an amulet of harm (around neck)
Wands
 n - a wand of lightning (0/15)
Scrolls
 o - 4 scrolls of remove curse
 p - 2 scrolls of teleportation
Potions
 m - a potion of haste
Books
 c - a book of Minor Magic

   Spells                             Type                      Level
   a - Magic Dart                     Conjuration                  1
   b - Blink                          Translocation                2
   c - Call Imp                       Summoning                    2
   d - Repel Missiles                 Charms/Air                   2
   e - Slow                           Hexes                        2
   f - Conjure Flame                  Conjuration/Fire             3
   g - Mephitic Cloud                 Conjuration/Poison/Air       3
Comestibles
 d - 3 bread rations
 g - a beef jerky
 i - 2 meat rations
 j - 5 fruits
 s - 3 chunks of flesh


   Skills:
 + Level 3.4 Dodging
 - Level 2.4 Stealth
 * Level 8.3 Spellcasting
 + Level 4.0 Conjurations
   Level 1.1 Summonings
 - Level 1.1 Translocations
 + Level 2.0 Fire Magic
 + Level 1.7 Air Magic


You had 11 spell levels left.
You knew the following spells:

 Your Spells              Type           Power        Failure   Level  Hunger
a - Magic Dart            Conj           ####         1%          1    None
b - Blink                 Tloc           N/A          8%          2    None
c - Conjure Flame         Conj/Fire      ####....     6%          3    None
d - Mephitic Cloud        Conj/Pois/Air  ###.....     12%         3    None
e - Repel Missiles        Chrm/Air       ##....       10%         2    None


Dungeon Overview and Level Annotations

Branches:
Dungeon (5/15)
 Temple: D:4-7

Altars:
Ashenzari
Fedhas
Sif Muna

Annotations:
D:3 Quirk's ghost, amateur GrFi
D:5 Eustachio; Pikel; Sigmund


Message History

Nothing appears to happen.
Evoke which item? (* to show all) (? for menu, Esc to quit)
Okay, then.
Pikel says, "You'll feel the lick of my whip!"
Casting: Magic Dart
Confirm with . or Enter, or press ? or * to list all spells.
Aiming: Magic Dart
Press: ? - help, Shift-Dir - straight line, f/p - Pikel
Aim: Pikel, wielding a whip of electrocution and wearing a robe (almost dead)
The magic dart hits Pikel.
Pikel is almost dead.
The slave hits you. The slave barely misses you. Pikel misses you.
There is an open door here.
You hit Pikel but do no damage.
Pikel is almost dead.
The slave hits you! The slave hits you.
Pikel hits you with a whip of electrocution.
You are electrocuted!
Ouch! That really hurt!
You die...

#.# #. #.# #. #.#
#################### #.#
#..............K.... ####.#
#.........##........
.....#########..........#........
.............#..p.......#.#######
############.##pKpp...รท..........
#.###@##'####....#####
#.###.##.#..'.........
#.....##.#.##.........
########...###........ #.>...#
#........ .###.....# #........
.[.......# #........
.........###.#.#.#.#
.........##.........


You could see Pikel and 4 slaves.

Vanquished Creatures
  A scorpion (D:4)
  A crimson imp (D:5)
  2 hounds (D:4)
  3 orc wizards
  2 jellies (D:5)
  2 worker ants
  4 gnolls
  5 adders
  An ooze (D:3)
  2 worms (D:2)
  4 dart slugs
  A giant gecko (D:5)
  9 orcs
  3 giant cockroaches
  10 goblins
  5 hobgoblins
  6 jackals
  2 quokkas
  8 bats
  7 giant newts
  8 kobolds
  4 rats
90 creatures vanquished.

Notes
Turn   | Place    | Note
--------------------------------------------------------------
     0 | D:1      | Ordine the Deep Elf Wizard began the quest for the Orb.
     0 | D:1      | Reached XP level 1. HP: 10/10 MP: 7/7
   228 | D:1      | Reached XP level 2. HP: 15/15 MP: 2/9
   294 | D:1      | Learned a level 2 spell: Blink
   373 | D:1      | Reached skill level 5 in Spellcasting
  1023 | D:2      | Reached XP level 3. HP: 13/19 MP: 1/12
  1114 | D:2      | Learned a level 3 spell: Conjure Flame
  1118 | D:2      | Learned a level 3 spell: Mephitic Cloud
  1498 | D:2      | Reached skill level 6 in Spellcasting
  1734 | D:1      | Learned a level 2 spell: Repel Missiles
  1862 | D:1      | Reached XP level 4. HP: 19/24 MP: 3/14
  2301 | D:2      | Found a blossoming altar of Fedhas.
  2307 | D:2      | Found a shattered altar of Ashenzari.
  2769 | D:3      | Reached XP level 5. HP: 28/28 MP: 3/16
  2936 | D:3      | Noticed Quirk's ghost (amateur GrFi)
  3123 | D:2      | Reached skill level 7 in Spellcasting
  3441 | D:3      | Found a deep blue altar of Sif Muna.
  3824 | D:4      | Reached skill level 1 in Air Magic
  3836 | D:4      | Reached XP level 6. HP: 27/32 MP: 1/18
  4476 | D:4      | Reached skill level 1 in Fire Magic
  4564 | D:4      | Reached skill level 8 in Spellcasting
  4765 | D:5      | Entered Level 5 of the Dungeon
  4811 | D:5      | Noticed Eustachio
  4820 | D:5      | Noticed Sigmund
  5060 | D:5      | Reached XP level 7. HP: 36/36 MP: 16/20
  5209 | D:5      | Noticed Pikel
  5275 | D:5      | Slain by Pikel

Skill      XL: |  1  2  3  4  5  6  7 |
---------------+----------------------+-----
Spellcasting   | 5 6 7 8 |  8.3
Conjurations   | 2 3 4 |  4.0
Air Magic      | 1 |  1.7
Fire Magic     | 2 |  2.0
Dodging        | 3 |  3.4
Stealth        | |  2.4
Summonings     | |  1.1
Translocations | |  1.1

Action                   |  1- 3 |  4- 6 |  7- 9 || total
-------------------------+-------+-------+-------++-------
Melee: Dagger            |     3 |    20 |     1 ||    24
 Cast: Magic Dart        |    96 |   158 |    24 ||   278
       Conjure Flame     |     4 |     3 |     3 ||    10
       Blink             |     2 |     8 |     1 ||    11
       Mephitic Cloud    |       |     3 |     1 ||     4
Evoke: Wand              |       |       |     1 ||     1
  Use: Scroll            |     4 |     5 |       ||     9
       Potion            |       |     5 |       ||     5
  Eat: Chunk             |     2 |    10 |     1 ||    13
Armor: Robe              |     2 |     7 |       ||     9
Dodge: Dodged            |     4 |    23 |     2 ||    29
